 Dungeon Crawl Stone Soup version bcrawl-1.12-8-g964540c432 (webtiles) character file.

Game seed: 11383074985155090222

59214 Banto the Unseen (level 14, -2/99 HPs)
             Began as a Dusk Walker Rogue on June 4, 2019.
             Was the Champion of Kikubaaqudgha.
             Killed by drain life
             ... invoked by a soul eater
             ... summoned by an orc high priest
              (17 damage)
             ... in the Orcish Mines.
             The game lasted 00:50:21 (23187 turns).

Banto the Unseen (Dusk Walker Rogue)               Turns: 23187, Time: 00:50:22

Health: -2/99      AC: 19    Str: 11    XL:     14   Next: 52%
Magic:  18/18      EV: 15    Int: 14    God:    Kikubaaqudgha [******]
Gold:   2093       SH:  5    Dex: 18    Spells: 3/19 levels left

rFire    + . .     SeeInvis +   E - +5 short sword "Kokluroa" {venom, rF+ rC+}
rCold    + . .     Gourm    .   z - +0 buckler {reflect}
rNeg     . . .     Faith    .   v - +4 ring mail {MR+}
rPois    .         Spirit   .   t - +2 hat {MR+}
rElec    .         Reflect  +   d - +0 cloak
rCorr    .         Harm     .   j - +1 pair of gloves
MR       ++++.                  V - +2 pair of boots {Fly}
Stlth    +++++++++.             N - amulet of magic regeneration
HPRegen  0.26/turn              T - ring of see invisible
MPRegen  0.41/turn              m - ring of wizardry

@: flying
A: draining touch, unencumbered stealth, fangs 3, nightstalker 2
a: Receive Corpses, Torment, Brand Weapon With Pain, Receive Necronomicon,
Renounce Religion, Stop Flying


You were in the Orcish Mines.
You worshipped Kikubaaqudgha.
Kikubaaqudgha was exalted by your worship.
You were hungry.

You visited 4 branches of the dungeon, and saw 19 of its levels.
You also visited: Ossuary and Ice Cave.

You collected 2793 gold pieces.
You spent 700 gold pieces at shops.

Inventory:

Hand Weapons
 b - a +0 blowgun
 o - a +3 dagger
 E - the +5 short sword "Kokluroa" (weapon) {venom, rF+ rC+}
   (You found it on level 2 of the Lair of Beasts)

   It poisons the flesh of those it strikes.
   It protects you from fire.
   It protects you from cold.
Missiles
 e - 672 poisoned needles
 x - a throwing net (quivered) {!f}
 Q - 15 curare-tipped needles {!f}
Armour
 d - a +0 cloak (worn)
 j - a +1 pair of gloves (worn)
 t - a +2 hat of magic resistance (worn)
 v - a +4 ring mail of magic resistance (worn)
 z - a +0 buckler of reflection (worn)
 V - a +2 pair of boots of flying (worn)
Jewellery
 m - a ring of wizardry (right hand)
 I - an uncursed ring of protection from cold
 N - an amulet of magic regeneration (around neck)
 O - an uncursed ring of protection from cold
 T - a ring of see invisible (left hand)
Wands
 f - a wand of flame (14)
 g - a wand of enslavement (10)
 s - a wand of polymorph (12)
 D - a wand of iceblast (12)
 P - a wand of paralysis (11)
Scrolls
 i - 3 scrolls of fog
 l - 8 scrolls of remove curse
 y - 3 scrolls of enchant weapon
 A - 6 scrolls of magic mapping
 B - 6 scrolls of enchant armour
 C - 11 scrolls of teleportation
 F - 9 scrolls of identify
 J - 2 scrolls of amnesia
 K - a scroll of immolation
Potions
 c - 2 potions of cancellation
 k - 2 potions of resistance
 n - 9 potions of curing
 p - 2 potions of haste
 r - a potion of magic
 u - a potion of ambrosia
 w - a potion of mutation
 G - a potion of might
 H - 3 potions of agility
 L - 2 potions of invisibility
 M - a potion of flight
 R - a potion of brilliance
 S - 2 potions of heal wounds
 U - a potion of lignification
Comestibles
 a - 3 chunks of flesh
 h - 31 rations {!d}


   Skills:
 - Level 10.0 Fighting
 - Level 10.0 Short Blades
 - Level 1.5 Throwing
 + Level 7.5 Armour
 + Level 7.2 Dodging
 - Level 20.0 Stealth
 - Level 4.0 Shields
 - Level 3.0 Spellcasting
 - Level 9.0 Charms
 - Level 12.0 Necromancy
 - Level 2.0 Evocations


You had 3 spell levels left.
You knew the following spells:

 Your Spells              Type           Power        Failure   Level  Hunger
a - Animate Skeleton      Necr           N/A          1%          1    #......
b - Ensorcelled Hibernat  Hex/Ice        #.....       26%         2    ##.....
c - Regeneration          Chrm/Necr      ####......   1%          3    ###....
d - Animate Dead          Necr           N/A          1%          4    #####..
e - Death Channel         Necr           #####.....   21%         6    #######

Your spell library contained the following spells:

 Spells                   Type           Power        Failure   Level  Hunger
 Infusion                 Chrm           ####....     1%          1    #......
 Pain                     Necr           ####         1%          1    #......
 Song of Slaying          Chrm           ####....     1%          2    ##.....
 Sublimation of Blood     Necr           #####.....   1%          2    ##.....
 Vampiric Draining        Necr           #####.....   1%          3    ###....
 Ozocubu's Armour         Chrm/Ice       ##......     9%          3    ###....
 Spectral Weapon          Hex/Chrm       ##......     9%          3    ###....
 Freeze                   Ice            #...         17%         1    #......
 Magic Dart               Conj           #...         17%         1    #......
 Searing Ray              Conj           #.....       26%         2    ##.....
 Throw Frost              Conj/Ice       #.....       26%         2    ##.....
 Iskenderun's Mystic Bla  Conj           #.......     45%         3    ###....
 Recall                   Summ/Tloc      N/A          45%         3    ###....
 Dispel Undead            Necr           #####...     3%          5    ######.
 Bolt of Draining         Conj/Necr      ###.......   38%         5    ######.
 Fulminant Prism          Conj/Hex       #.........   85%         4    #####..
 Summon Ice Beast         Ice/Summ       #.......     85%         4    #####..
 Throw Icicle             Conj/Ice       #.......     85%         4    #####..
 Borgnjor's Vile Clutch   Necr/Erth      ###.......   90%         6    #######
 Simulacrum               Ice/Necr       ###.......   90%         6    #######
 Irradiate                Conj/Tmut      #.........   99%         5    ######.
 Metabolic Englaciation   Hex/Ice        #.........   99%         5    ######.
 Silence                  Hex/Air        #.........   99%         5    ######.
 Darkness                 Hex            #.........   100%        6    #######
 Shadow Creatures         Summ           N/A          100%        6    #######


Dungeon Overview and Level Annotations

Branches:
Dungeon (11/12)            Temple (1/1) D:4            Lair (6/6) D:8
  Swamp (0/3) Lair:3       Spider (0/3) Lair:3        Slime (0/5) Lair:5
    Orc (1/1) D:11            Elf (0/3) Orc
 Vaults: D:11-12

Altars:
Ashenzari
Cheibriados
Dithmenos
Elyvilon
Fedhas
Gozag
Hepliaklqana
Kikubaaqudgha
Lugonu
Makhleb
Nemelex Xobeh
Okawaru
Qazlal
Ru
Sif Muna
Trog
Uskayaw
Vehumet
Wu Jian
Xom
Yredelemnul
Zin
The Shining One
Beogh
Jiyva

Shops:
D:8 *   D:9 =   D:11 }   Orc !*

Annotations:
D:11 exclusions: 2 doors and 2 more exclusions


Innate Abilities, Weirdness & Mutations

Your attacks drain your enemies.
You move stealthily even while encumbered by armour.
You have razor-sharp teeth.
You are significantly more attuned to the shadows.


Message History

The orc high priest hits your orc zombie with a +0 hand axe.
The orc high priest hits your orc zombie but does no damage.
Your orc zombie closely misses the orc high priest.
The soul eater hits your orc zombie!
Your orc zombie is destroyed!
The ice devil barely misses you.
You swap places.
The orc high priest hits your orc zombie with a +0 hand axe.
The soul eater hits your orc warrior skeleton!!
Your orc zombie hits the orc high priest.
There is an open door here.
Unknown command.
The orc warrior hits your orc zombie with a +0 hand axe.
Your orc zombie is destroyed!
The orc high priest calls down the wrath of Beogh upon you.
Beogh smites you!
* * * LOW HITPOINT WARNING * * *
The soul eater draws from the surrounding life force!
You die...
Kikubaaqudgha rasps: "You have failed me!
Welcome... death!"

..............
.....##......#...#
#....Z#...........
.......#Z........
.....Z..#...Z..### ###
.....ZZ##.....Z#.###.##
#.....)ZZZZZZZZ.......#
.#....#Z#########....##
###....##..#oZ.@ZZ...#
#....#..ooo84#....##
#....# ..#3Z.#..###
.....# #####.## #.# #.#


You could see a soul eater, an orc high priest, an ice devil, an orc warrior, an
orc wizard (invisible), an orc, a friendly orc priest zombie, a friendly orc
wizard zombie, a friendly orc skeleton and a friendly orc warrior skeleton.

Vanquished Creatures
  3 hydras
  Psyche (D:11)
  An anaconda (Lair:6)
  3 catoblepae (Lair:6)
  A centaur warrior (D:10)
  A two-headed ogre (D:11)
  Erica (Orc)
  4 death yaks
  2 orc high priests (Orc)
  Sonja (Lair:3)
  An unseen horror (D:11)
  A cyclops (D:11)
  A manticore (Lair:6)
  An orc sorcerer (Orc)
  3 black mambas
  8 elephants
  An ice statue (IceCv)
  3 centaur zombies
  4 cane toads
  6 rime drakes
  A yaktaur (D:11)
  7 komodo dragons
  4 trolls
  3 hornets
  16 polar bears
  3 hippogriffs
  7 blink frogs (Lair:6)
  11 dream sheep
  4 wargs
  A redback (Lair:3)
  A spriggan (shapeshifter) (D:11)
  A wyvern (D:10)
  A wraith (Ossuary)
  36 yaks
  3 basilisks
  3 hungry ghosts
  13 steam dragons
  A vampire mosquito (D:11)
  6 water moccasins
  8 porcupines
  12 orc warriors
  3 ice beasts
  2 black bears
  A necrophage (D:9)
  5 ogres
  17 wolves
  3 phantoms
  11 crocodiles
  A big kobold (D:9)
  4 centaurs
  16 bullfrogs
  A wyvern zombie (D:8)
  3 scorpions
  A water moccasin skeleton (D:5)
  6 killer bees
  A wight (D:10)
  A howler monkey (D:6)
  5 electric eels
  A quasit (D:7)
  8 hounds
  16 orc wizards
  24 orc priests
  Jessica (D:3)
  4 centaur skeletons
  4 hell rats (Lair:4)
  5 iguanas
  5 worker ants
  A hound skeleton (D:6)
  2 mummies
  A howler monkey zombie (D:5)
  6 adders
  13 gnolls
  3 white imps (Lair:2)
  3 oozes
  An adder skeleton (D:4)
  4 worms
  5 dart slugs
  7 leopard geckos
  92 orcs
  A ball python (D:3)
  6 bats
  5 giant cockroaches
  7 hobgoblins
  2 jackals (D:3)
  14 kobolds
  A quokka (D:5)
  4 frilled lizards
  7 gnoll skeletons (Ossuary)
  7 goblins
  A hobgoblin zombie (D:8)
  A jackal skeleton (D:5)
  6 kobold skeletons (Ossuary)
  A kobold zombie (D:8)
  12 orc skeletons (Ossuary)
  6 rats
557 creatures vanquished.

Vanquished Creatures (collateral kills)
  A frost giant (IceCv)
  A hydra (Lair:4)
  A catoblepas (Lair:6)
  4 death yaks
  A tengu warrior (D:11)
  An orc high priest (Orc)
  3 elephants
  A black mamba (Lair:6)
  A cane toad (Lair:2)
  2 rime drakes
  4 komodo dragons
  A polar bear (IceCv)
  7 dream sheep
  4 blink frogs (Lair:6)
  14 yaks
  2 steam dragons (Lair:2)
  2 water moccasins
  3 orc warriors (Orc)
  4 ogres (Orc)
  9 wolves
  A crocodile (Lair:2)
  2 bullfrogs
  2 killer bees (D:9)
  An electric eel (Lair:6)
  A hound (D:8)
  An orc priest (Orc)
  An iguana (Lair:2)
  A hell rat (Lair:4)
  9 white imps (Lair:2)
  10 orcs (Orc)
  A hobgoblin (D:8)
  A quokka (D:8)
  A kobold (D:8)
  8 fungi
  4 plants
110 creatures vanquished.

Vanquished Creatures (others)
  Fannar (D:10)
  2 rime drakes (Lair:2)
  A troll (D:10)
  5 dream sheep (D:9)
  A yak (IceCv)
  3 vampire mosquitoes
  An orc warrior (Orc)
  A wolf (IceCv)
  An orc (D:8)
  14 fungi
  10 plants
40 creatures vanquished.

Grand Total: 707 creatures vanquished

Notes
Turn   | Place    | Note
-------+----------+-------------------------------------------
     0 | D:1      | Banto the Dusk Walker Rogue began the quest for the Orb.
     0 | D:1      | Reached XP level 1. HP: 11/11 MP: 2/2
   101 | D:1      | Reached XP level 2. HP: 15/17 MP: 3/3
   114 | D:1      | Reached skill level 1 in Armour
   686 | D:1      | Reached skill level 7 in Stealth
   764 | D:1      | Reached XP level 3. HP: 21/21 MP: 4/4
  1614 | D:2      | Gained mutation: You are slightly more attuned to the
                  | shadows. [Dusk Walker growth]
  1614 | D:2      | Reached XP level 4. HP: 27/27 MP: 5/5
  1643 | D:2      | Found a hazy altar of Hepliaklqana.
  1691 | D:2      | Found a stormy altar of Qazlal.
  1695 | D:2      | Found a blossoming altar of Fedhas.
  2367 | D:3      | Reached XP level 5. HP: 27/31 MP: 6/6
  2494 | D:3      | Reached skill level 8 in Stealth
  2509 | D:3      | Noticed Jessica
  2514 | D:3      | Killed Jessica
  2673 | D:3      | Found a blossoming altar of Fedhas.
  3197 | D:3      | Found a white marble altar of Elyvilon.
  3201 | D:3      | Found an opulent altar of Gozag.
  3226 | D:3      | Found a snail-covered altar of Cheibriados.
  3263 | D:4      | Reached XP level 6. HP: 36/36 MP: 7/7
  3334 | D:4      | Found a sacrificial altar of Ru.
  3368 | D:4      | Reached skill level 5 in Short Blades
  3694 | D:4      | Reached skill level 9 in Stealth
  4081 | D:4      | Reached XP level 7. HP: 26/41 MP: 8/8
  4201 | D:4      | Found a staircase to the Ecumenical Temple.
  4213 | Temple   | Entered the Ecumenical Temple
  4439 | Temple   | Became a worshipper of Kikubaaqudgha
  4716 | D:5      | Entered Level 5 of the Dungeon
  4879 | D:5      | Reached skill level 5 in Armour
  4893 | D:5      | Reached skill level 10 in Stealth
  5193 | D:5      | Reached * piety under Kikubaaqudgha
  5193 | D:5      | Identified Kikubaaqudgha's Grimoire of Dark Secrets
                  | (Kikubaaqudgha gifted it to you on level 5 of the Dungeon)
  5193 | D:5      | Received a gift from Kikubaaqudgha
  5197 | D:5      | Learned a level 1 spell: Animate Skeleton
  5208 | D:5      | Gained mutation: You have razor-sharp teeth. [Dusk Walker
                  | growth]
  5208 | D:5      | Reached XP level 8. HP: 46/46 MP: 9/9
  5291 | D:5      | Reached skill level 11 in Stealth
  5745 | D:6      | Reached skill level 12 in Stealth
  5926 | D:6      | Reached skill level 1 in Necromancy
  5931 | D:6      | Reached skill level 1 in Spellcasting
  5965 | D:6      | Noticed a hippogriff
  5971 | D:6      | Killed a hippogriff
  5991 | D:6      | Found a bloodstained altar of Trog.
  6089 | D:6      | Reached XP level 9. HP: 48/51 MP: 12/12
  6122 | D:6      | Reached skill level 13 in Stealth
  6177 | D:6      | Reached ** piety under Kikubaaqudgha
  6615 | D:7      | Paralysed by fainting for 11 turns
  6788 | D:7      | Reached skill level 5 in Necromancy
  6795 | D:7      | Reached skill level 14 in Stealth
  7155 | D:7      | Found a deep blue altar of Sif Muna.
  7156 | D:7      | Found a glowing golden altar of the Shining One.
  7441 | D:8      | Found a bloodstained altar of Trog.
  7600 | D:8      | Reached skill level 10 in Short Blades
  7950 | D:7      | Reached skill level 1 in Fighting
  7950 | D:7      | Reached skill level 1 in Dodging
  8006 | D:8      | Found Othrusit's General Store.
  8016 | D:8      | Bought 2 scrolls of identify for 52 gold pieces
  8016 | D:8      | Bought a +0 buckler of reflection for 110 gold pieces
  8023 | D:8      | Found a sand-covered staircase.
  8028 | Ossuary  | Entered an ossuary
  8401 | Ossuary  | Reached *** piety under Kikubaaqudgha
  8401 | Ossuary  | Identified Kikubaaqudgha's Disquisition on Dark Rites
                  | (Kikubaaqudgha gifted it to you in an ossuary)
  8401 | Ossuary  | Received a gift from Kikubaaqudgha
  8464 | D:8      | Reached skill level 1 in Shields
  8464 | D:8      | Reached XP level 10. HP: 60/60 MP: 14/14
  8970 | D:8      | Found a staircase to the Lair.
  9675 | D:9      | Found a shimmering altar of Xom.
 10150 | D:9      | Found Ziez's Jewellery Shop.
 10153 | D:9      | Bought a cursed ring of teleportation for 72 gold pieces
 10153 | D:9      | Bought a cursed ring of attention for 72 gold pieces
 10229 | D:9      | Found a burning altar of Makhleb.
 10738 | D:10     | Entered Level 10 of the Dungeon
 10740 | D:10     | Reached **** piety under Kikubaaqudgha
 10805 | D:10     | Noticed a centaur warrior
 10876 | D:10     | Reached skill level 5 in Fighting
 10876 | D:10     | Reached skill level 5 in Dodging
 10981 | D:10     | Noticed Fannar
 11022 | D:10     | Killed Fannar
 11022 | D:10     | Reached skill level 15 in Stealth
 11022 | D:10     | Reached XP level 11. HP: 16/70 MP: 15/15
 11329 | D:10     | Killed a centaur warrior
 11719 | D:11     | Noticed a cyclops
 11721 | D:11     | Killed a cyclops
 11721 | D:11     | Reached skill level 16 in Stealth
 12479 | D:11     | Found a staircase to the Orcish Mines.
 12482 | D:11     | Noticed a two-headed ogre
 12540 | D:11     | Killed a two-headed ogre
 12540 | D:11     | Reached skill level 17 in Stealth
 12552 | D:11     | Noticed a skeletal warrior
 12673 | D:11     | Found a shattered altar of Ashenzari.
 12688 | D:11     | Noticed Psyche
 12730 | D:11     | Killed an unseen horror
 12996 | D:11     | Reached skill level 18 in Stealth
 13213 | D:11     | Killed Psyche
 13219 | D:11     | Learned a level 2 spell: Ensorcelled Hibernation
 13342 | D:11     | Noticed a tengu warrior
 13363 | D:11     | Killed a tengu warrior
 13434 | D:11     | Found Doestruab's Gadget Boutique.
 13799 | Lair:1   | Entered Level 1 of the Lair of Beasts
 13935 | Lair:1   | Noticed a six-headed hydra
 14038 | Lair:2   | Reached skill level 19 in Stealth
 14063 | Lair:2   | Gained mutation: You are significantly more attuned to the
                  | shadows. [Dusk Walker growth]
 14063 | Lair:2   | Reached XP level 12. HP: 70/76 MP: 16/16
 14263 | Lair:2   | Learned a level 3 spell: Regeneration
 14274 | Lair:2   | Found a frozen archway.
 14287 | Lair:2   | Reached ***** piety under Kikubaaqudgha
 14429 | IceCv    | Entered an ice cave
 14541 | IceCv    | Reached skill level 1 in Charms
 15045 | IceCv    | Learned a level 4 spell: Animate Dead
 15189 | IceCv    | Got an ancient robe
 15285 | IceCv    | Reached skill level 20 in Stealth
 15518 | IceCv    | Reached skill level 5 in Charms
 15630 | IceCv    | Noticed a death yak
 15669 | IceCv    | Killed a death yak
 15703 | IceCv    | Noticed a frost giant
 15720 | IceCv    | Killed a frost giant
 15993 | IceCv    | Identified the Papyrus of Snow
 16054 | Lair:2   | Got a steaming ring mail
 16589 | Lair:2   | Reached XP level 13. HP: 54/81 MP: 17/17
 17197 | Lair:2   | Got a pitted short sword
 17240 | Lair:2   | Identified the +5 short sword "Kokluroa" {venom, rF+ rC+}
                  | (You found it on level 2 of the Lair of Beasts)
 17266 | Lair:3   | Found a hole to the Spider Nest.
 17337 | Lair:3   | Found a staircase to the Swamp.
 17472 | Lair:3   | Identified the cursed +0 ring mail "Nenatua" {Dex+3} (You
                  | found it on level 2 of the Lair of Beasts)
 17483 | Lair:3   | Identified the cursed +0 robe of Moral Flaws {rPois Int+4
                  | Stlth+} (You found it in an ice cave)
 17617 | Lair:3   | Noticed Sonja
 17622 | Lair:3   | Killed Sonja
 17699 | Lair:3   | Reached ****** piety under Kikubaaqudgha
 18421 | Lair:4   | Reached skill level 10 in Necromancy
 19122 | Lair:5   | Learned a level 6 spell: Death Channel
 19623 | Lair:5   | Found a viscous altar of Jiyva.
 19623 | Lair:5   | Found a staircase to the Slime Pits.
 20120 | Lair:6   | Entered Level 6 of the Lair of Beasts
 20675 | Lair:6   | Reached XP level 14. HP: 95/97 MP: 18/18
 20923 | Lair:6   | Found a shimmering altar of Xom.
 21362 | Lair:6   | Reached skill level 10 in Fighting
 21983 | Orc      | Entered the Orcish Mines
 22141 | Orc      | Noticed Erica
 22154 | Orc      | Killed Erica
 22203 | Orc      | Found a staircase to the Elven Halls.
 22232 | Orc      | Found Wuuczyto's Distillery.
 22258 | Orc      | Bought a potion of lignification for 48 gold pieces
 22258 | Orc      | Bought a potion of heal wounds for 80 gold pieces
 22276 | Orc      | Found a roughly hewn altar of Beogh.
 22391 | Orc      | Found a roughly hewn altar of Beogh.
 22476 | Orc      | Found a roughly hewn altar of Beogh.
 22478 | Orc      | Found Gokif's Assorted Antiques.
 22510 | Orc      | Bought a pair of embroidered boots for 210 gold pieces
 22525 | Orc      | Bought a scroll of identify for 56 gold pieces
 22901 | Orc      | Found a roughly hewn altar of Beogh.
 23187 | Orc      | Killed from afar by a soul eater

Skill      XL: |  1  2  3  4  5  6  7  8  9 10 11 12 13 14 |
---------------+-------------------------------------------+-----
Armour         | 1 2 3 4 5 7 |  7.5
Short Blades   | 3 4 5 7 8 10 | 10.0
Stealth        | 7 8 9 10 12 14 15 19 20 | 20.0
Necromancy     | 2 5 7 9 11 12 | 12.0
Spellcasting   | 2 3 |  3.0
Fighting       | 2 5 9 10 | 10.0
Dodging        | 2 5 7 |  7.2
Shields        | 1 4 |  4.0
Charms         | 8 9 |  9.0
Throwing       | |  1.5
Evocations     | |  2.0

Action                   |  1- 3 |  4- 6 |  7- 9 | 10-12 | 13-15 || total
-------------------------+-------+-------+-------+-------+-------++-------
Melee: Dagger            |    81 |   210 |   581 |  1087 |    53 ||  2012
       Bite              |     6 |    13 |    74 |   137 |   130 ||   360
       Short sword       |       |       |       |       |   812 ||   812
 Fire: Blowgun           |       |       |     4 |     6 |       ||    10
Throw: Throwing net      |       |       |       |     1 |       ||     1
 Cast: Animate Skeleton  |       |       |    12 |    63 |    37 ||   112
       Regeneration      |       |       |       |    36 |    81 ||   117
       Animate Dead      |       |       |       |     5 |    31 ||    36
       Death Channel     |       |       |       |       |     4 ||     4
Evoke: Wand              |     1 |     3 |     1 |    25 |    13 ||    43
  Use: Scroll            |       |    10 |    12 |     4 |     4 ||    30
       Potion            |       |     1 |     1 |     1 |     1 ||     4
 Stab: Sleeping          |    10 |    19 |    22 |    48 |    43 ||   142
       Distracted        |       |     2 |     2 |     7 |     7 ||    18
       Petrified         |       |       |       |       |     3 ||     3
  Eat: Chunk             |     2 |     8 |    18 |    35 |    44 ||   107
       Ration            |       |       |     2 |       |       ||     2
Armor: Robe              |     1 |       |       |       |       ||     1
       Ring mail         |    12 |    13 |   251 |   373 |   227 ||   876
       Scale mail        |     1 |    64 |       |       |       ||    65
Dodge: Dodged            |    24 |    64 |   240 |   470 |   375 ||  1173
Block: Buckler           |       |       |     6 |   192 |   178 ||   376
       Reflection        |       |       |       |     6 |       ||     6
